 Dungeon Crawl Stone Soup version 0.16.2-12-gd0ad4c3 (webtiles) character file.

2949 Peloso the Blocker (level 9, -3/79 HPs)
             Began as a Minotaur Fighter on Sept 26, 2015.
             Was a Believer of Okawaru.
             Slain by an orc knight
             ... wielding a +2 great mace of protection
              (18 damage)
             ... in a bailey.
             The game lasted 00:25:12 (6312 turns).

Peloso the Blocker (Minotaur Fighter)               Turns: 6312, Time: 00:25:12

Health: -3/79      AC: 15    Str: 21    XL:     9   Next: 51%
Magic:  3/4        EV: 15    Int:  3    God:    Okawaru [**....]
Gold:   274        SH: 13    Dex: 13    Spells: 0 memorised, 8 levels left

rFire  + . .     SeeInvis .     a - +1 long sword (curse)
rCold  . . .     Clarity  .     b - +0 scale mail
rNeg   . . .     SustAb   .     c - +0 shield (curse)
rPois  +         Gourm    .     (helmet restricted)
rElec  +         Spirit   .     (no cloak)
rCorr  .         Warding  .     p - +1 pair of gloves
rMut   .         Stasis   .     (no boots)
MR     .....                    l - amulet of regeneration
Stlth  +.........               q - ring of Eternal Night {+Inv rElec rF+ AC+3 Str-5 Int-2}
                                g - ring of poison resistance (curse)

@: mighty, heroism, not resistant to hostile enchantments, very unstealthy
A: retaliatory headbutt, horns 2
a: Heroism, Renounce Religion, Evoke Invisibility


You were in a bailey.
You worshipped Okawaru.
Okawaru was pleased with you.
You were very hungry.

You visited 1 branch of the dungeon, and saw 8 of its levels.
You also visited: Ossuary and Bailey.

You collected 274 gold pieces.

Inventory:

Hand weapons
 a - a cursed +1 long sword (weapon)
 s - a +4 hand axe of electrocution
 t - a +0 hand axe of venom
 I - a +1 halberd of electrocution
 J - a +1 halberd of electrocution
 K - a +2 halberd of electrocution
 L - a +0 halberd of electrocution
 M - a +1 halberd of electrocution
 N - a +1 halberd of electrocution
Missiles
 H - 15 tomahawks of returning (quivered)
Armour
 b - a +0 scale mail (worn)
 c - a cursed +0 shield (worn)
 p - a +1 pair of gloves (worn)
Jewellery
 g - a cursed ring of poison resistance (left hand)
 l - an amulet of regeneration (around neck)
 q - the ring of Eternal Night (right hand) {+Inv rElec rF+ AC+3 Str-5 Int-2}
   (You found it on level 4 of the Dungeon)

   [ring of protection]

   It affects your AC (+3).
   It affects your strength (-5).
   It affects your intelligence (-2).
   It protects you from fire.
   It insulates you from electricity.
   It lets you turn invisible.
 C - an uncursed ring of protection from cold
Magical devices
 A - a wand of slowing (19)
 D - a wand of fire (1)
Scrolls
 f - a scroll of identify
 h - 2 scrolls of enchant weapon
 n - a scroll of amnesia
 w - a scroll of remove curse
 y - 3 scrolls of teleportation
 z - a scroll of blinking
 E - a scroll of torment {unknown}
Potions
 e - a potion of might
 i - a potion of resistance
 j - 3 potions of flight
 k - 2 potions of brilliance
 m - 9 potions of heal wounds {unknown}
 o - 5 potions of curing {unknown}
 u - a potion of cure mutation
 v - a potion of haste
 x - 2 potions of restore abilities
 O - a potion of magic {unknown}
Books
 r - a book of Enchantments

   Spells                             Type                      Level
   a - Tukima's Dance                 Hexes                        3
   b - Cause Fear                     Hexes                        4
   c - Silence                        Hexes/Air                    5
   d - Deflect Missiles               Charms/Air                   6
   e - Haste                          Charms                       6
   f - Discord                        Hexes                        8
Comestibles
 d - 3 bread rations
 B - a poisonous chunk of flesh
 G - a beef jerky


   Skills:
 + Level 7.1(12.1) Fighting
 + Level 7.8(12.8) Long Blades
 + Level 7.7(12.7) Armour
 + Level 5.8(10.8) Dodging
 + Level 0.5(5.5) Stealth
 + Level 9.1(14.1) Shields


You had 8 spell levels left.
You didn't know any spells.

Dungeon Overview and Level Annotations

Branches:
Dungeon (8/15)             Temple (0/1) D:7
   Lair: D:8-11

Altars:
Cheibriados
Elyvilon
Fedhas
Gozag
Makhleb
Nemelex Xobeh
Okawaru
Qazlal
Ru
Sif Muna
Trog
The Shining One

Shops:
D:7 %


Innate Abilities, Weirdness & Mutations

You reflexively headbutt those who attack you in melee.
You have a pair of horns on your head.


Message History

The orc knight is moderately wounded.
The orc knight hits you with a great mace of protection!!
Some of the chunks of flesh in your inventory have rotted away.
You hit the orc knight but do no damage.
The orc knight is moderately wounded.
You block the orc knight's attack.
You closely miss the orc knight.
The orc knight is moderately wounded.
The orc knight hits you with a great mace of protection!!!
* * * LOW HITPOINT WARNING * * *
You slash the orc knight! Your headbutt misses the orc knight.
The orc knight is moderately wounded.
The orc knight misses you. You furiously retaliate!
You headbutt the orc knight, but do no damage.
Drink which item? (? for menu, Esc to quit)
Okay, then.
Drink which item? (? for menu, Esc to quit)
You feel very mighty all of a sudden.
The orc knight hits you with a great mace of protection!!
You die...

#(###.###.#.# .# #.#
##(##'##'## '##'##'#
##(.(..## #!...!#
###()...#####.....###
#.'..⌠.('.#.'..⌠..'.#
###.....### #.(...#
#....(## ##.....#
#'##'##'###K##'##'#
#.# #.###.@o## .# ∩#
## ### ##### ##


You could see an orc knight (berserk) and a kobold.

Vanquished Creatures
  A hippogriff (D:7)
  An orc warrior (D:7)
  A phantom (D:6)
  An ice beast (D:6)
  An eye of draining (D:7)
  5 centaurs
  4 ogres
  3 giant frogs
  A big kobold (D:7)
  A water moccasin zombie (Ossuary)
  3 scorpions
  3 centaur zombies
  An orc priest (D:7)
  2 giant frog skeletons (D:4)
  7 orc wizards
  2 worker ants
  Natasha (thrice) (D:3)
  6 iguanas
  Ijyb (D:3)
  5 big kobold zombies (Ossuary)
  3 mummies
  A hound skeleton (D:6)
  A worker ant zombie (D:7)
  11 adders
  17 gnolls
  A giant mite (D:4)
  3 worms
  4 adder zombies
  6 giant geckos
  16 orcs
  A ball python (D:8)
  A bat skeleton (D:7)
  6 giant cockroaches
  19 hobgoblins
  8 jackals
  26 kobolds
  15 bats
  2 giant newts (D:1)
  4 gnoll zombies (Ossuary)
  15 goblins
  4 hobgoblin zombies (Ossuary)
  6 kobold zombies (Ossuary)
  5 orc zombies (Ossuary)
  4 quokkas
  15 rats
246 creatures vanquished.

Notes
Turn   | Place    | Note
--------------------------------------------------------------
     0 | D:1      | Peloso, the Minotaur Fighter, began the quest for the Orb.
     0 | D:1      | Reached XP level 1. HP: 19/19 MP: 1/1
     6 | D:1      | Noticed a swamp drake
     6 | D:1      | Noticed a black bear
     6 | D:1      | Noticed an anaconda
     6 | D:1      | Noticed a lindwurm
   243 | D:1      | Reached XP level 2. HP: 24/26 MP: 1/1
   270 | D:1      | Reached skill level 4 in Shields
   668 | D:2      | Reached XP level 3. HP: 12/33 MP: 2/2
  1005 | D:2      | Reached skill level 1 in Dodging
  1287 | D:2      | Found a sacrificial altar of Ru.
  1564 | D:3      | Noticed Natasha
  1570 | D:3      | Killed Natasha
  1570 | D:3      | Reached XP level 4. HP: 24/40 MP: 2/2
  1642 | D:3      | Found a white marble altar of Elyvilon.
  1647 | D:3      | Noticed Natasha
  1675 | D:3      | Killed Natasha
  1737 | D:3      | Found a burning altar of Makhleb.
  1792 | D:3      | Noticed Natasha
  1800 | D:3      | Killed Natasha
  2296 | D:3      | Reached skill level 5 in Shields
  2330 | D:4      | Noticed Ijyb
  2331 | D:4      | Reached XP level 5. HP: 46/46 MP: 2/2
  2349 | D:3      | Killed Ijyb
  2412 | D:4      | Reached skill level 5 in Armour
  2488 | D:4      | Reached XP level 6. HP: 48/53 MP: 3/3
  2704 | D:4      | Got a sparkling brass ring
  2726 | D:4      | Found a sand-covered staircase.
  2731 | Ossuary  | Entered an ossuary
  2732 | Ossuary  | Identified the ring of Eternal Night {+Inv rElec rF+ AC+3 Str-5 Int-2} (You found it on level 4 of the Dungeon)
  2809 | Ossuary  | Reached XP level 7. HP: 58/60 MP: 3/3
  2890 | Ossuary  | Reached skill level 6 in Shields
  3152 | D:4      | Reached skill level 5 in Long Blades
  3309 | D:5      | Entered Level 5 of the Dungeon
  3347 | D:5      | Found a blossoming altar of Fedhas.
  3366 | D:5      | Reached skill level 5 in Fighting
  3448 | D:5      | Found a bloodstained altar of Trog.
  3462 | D:5      | Found a deep blue altar of Sif Muna.
  3476 | D:5      | Found a snail-covered altar of Cheibriados.
  3608 | D:5      | Found an opulent altar of Gozag.
  3621 | D:5      | Found a stormy altar of Qazlal.
  3739 | D:5      | Reached XP level 8. HP: 53/69 MP: 3/3
  3910 | D:5      | Reached skill level 7 in Shields
  4020 | D:5      | Found an iron altar of Okawaru.
  4030 | D:5      | Became a worshipper of Warmaster Okawaru
  4478 | D:6      | Found a glowing golden altar of the Shining One.
  4519 | D:6      | Acquired Okawaru's first power
  4908 | D:6      | Reached skill level 8 in Shields
  5389 | D:7      | Reached XP level 9. HP: 78/78 MP: 4/4
  5392 | D:7      | Reached skill level 5 in Dodging
  5483 | D:7      | Found a staircase to the Ecumenical Temple.
  5599 | D:7      | Found Kekidila's Food Boutique.
  5953 | D:8      | Found a flagged portal.
  6007 | D:8      | Found a sparkling altar of Nemelex Xobeh.
  6037 | Bailey   | Entered a bailey
  6169 | Bailey   | Reached skill level 9 in Shields
  6290 | Bailey   | Noticed an orc knight
  6312 | Bailey   | Slain by an orc knight

Action                   |  1- 3 |  4- 6 |  7- 9 || total
-------------------------+-------+-------+-------++-------
Melee: Long sword        |    95 |   187 |   512 ||   794
Invok: Heroism           |       |       |     1 ||     1
  Use: Potion            |     2 |       |     1 ||     3
       Scroll            |       |     6 |    12 ||    18
  Eat: Beef jerky        |     1 |       |       ||     1
       Chunk             |       |     5 |    14 ||    19
